 Dungeon Crawl Stone Soup version 0.21-a0-349-g0c35859 (webtiles) character file.

408 vishdafish the Skirmisher (level 6, -2/72 HPs)
             Began as a Demonspawn Fighter on Oct 7, 2017.
             Slain by a sky beast (5 damage)
             ... on level 5 of the Dungeon.
             The game lasted 00:04:32 (2405 turns).

vishdafish the Skirmisher (Demonspawn Fighter)      Turns: 2405, Time: 00:04:33

Health: -2/72      AC:  6    Str: 21    XL:     6   Next: 57%
Magic:  0/6        EV:  8    Int: 11    God:
Gold:   177        SH: 13    Dex: 13    Spells: 5/5 levels left

rFire    . . .     SeeInvis .   a - +0 war axe
rCold    + . .     Gourm    .   c - +0 shield
rNeg     . . .     Faith    .   b - +0 scale mail
rPois    .         Spirit   +   (no helmet)
rElec    .         Reflect  +   (no cloak)
rCorr    .         Harm     .   (no gloves)
MR       .....                  (no boots)
Stlth    ..........             v - +4 amulet of reflection
HPRegen  0.62/turn              (no ring)
MPRegen  0.10/turn              (no ring)

@: berserking, lethally poisoned (-2 -> -4), very quick
A: claws 2, cold resistance 1, powered by death 1, regeneration 1, magic shield
a: no special abilities


You were on level 5 of the Dungeon.
You were hungry.

You visited 1 branch of the dungeon, and saw 5 of its levels.

You collected 177 gold pieces.

Inventory:

Hand Weapons
 a - a +0 war axe (weapon)
Armour
 b - a +0 scale mail (worn)
 c - a +0 shield (worn)
Jewellery
 j - an uncursed ring of fire
 v - a +4 amulet of reflection (around neck)
Wands
 o - a wand of confusion (19/48)
Scrolls
 e - a scroll of immolation {unknown}
 h - 6 scrolls of identify {unknown}
 l - a scroll of noise {unknown}
 m - a scroll of fear {unknown}
 s - 2 scrolls of enchant weapon {unknown}
 t - a scroll of teleportation {unknown}
 w - a scroll of fog {unknown}
Potions
 d - 2 potions of might
 p - a potion of heal wounds {unknown}
 u - a potion of curing {unknown}
Books
 k - a book of Changes

   Spells                             Type                      Level
   a - Beastly Appendage              Transmutation                1
   b - Sticks to Snakes               Transmutation                2
   c - Spider Form                    Transmutation/Poison         3
   d - Ice Form                       Ice/Transmutation            4
   e - Blade Hands                    Transmutation                5
Comestibles
 f - a bread ration
 i - 2 royal jellies
 q - 3 fruits


   Skills:
 + Level 4.0 Fighting
 * Level 4.0 Axes
 + Level 3.6 Armour
 + Level 2.1 Dodging
 + Level 3.7 Shields


You had 5 spell levels left.
You didn't know any spells.

Dungeon Overview and Level Annotations

Branches:
Dungeon (6/15)
 Temple: D:4-7

Altars:
Elyvilon
Uskayaw
Vehumet
Yredelemnul

Annotations:
D:6 Dowan, Duvessa


Innate Abilities, Weirdness & Mutations

You have very sharp fingernails.
You regenerate a little health from kills.
When hurt, damage is shared between your health and your magic reserves.
Your flesh is cold resistant. (rC+)
Your natural rate of healing is unusually fast.


Message History

Something shocks you.
* * * LOW HITPOINT WARNING * * *
Something hits you but does no damage.
It was a potion of mutation.
You feel extremely strange.
You feel resistant to cold.
You begin to heal more quickly.
* * * LOW HITPOINT WARNING * * *
You feel sick. Something completely misses you.
It was a potion of berserk rage.
A red film seems to cover your vision as you go berserk!
You feel yourself moving faster!
You feel mighty!
You feel sick. You block something's attack.
You miss something.
You feel sick.
A sky beast appears from thin air!
Reactivating autopickup.
The sky beast hits you but does no damage.
You hit the sky beast.
The sky beast is lightly wounded.
You feel sick. The sky beast hits you.
* * * LOW HITPOINT WARNING * * *
The sky beast shocks you.
You die...

#####.#
#@>...#
##Y##.#
....
+......
#.......#
#.......#
#.......#
.########


You could see a sky beast.

Vanquished Creatures
  A water moccasin (D:5)
  A phantom (D:3)
  2 orc priests
  An orc wizard (D:3)
  A hound zombie (D:5)
  5 adders (D:2)
  An ooze (D:2)
  3 worms
  A dart slug (D:1)
  5 leopard geckos
  4 orcs (D:3)
  14 bats
  4 giant cockroaches
  3 goblins
  9 hobgoblins
  13 jackals
  A ball python (D:2)
  6 frilled lizards
  6 kobolds
  5 rats
86 creatures vanquished.

Vanquished Creatures (others)
  An orc (D:3)
1 creature vanquished.

Grand Total: 87 creatures vanquished

Notes
Turn   | Place    | Note
-------+----------+-------------------------------------------
     0 | D:1      | vishdafish the Demonspawn Fighter began the quest for the Orb.
     0 | D:1      | Reached XP level 1. HP: 18/18 MP: 1/1
   148 | D:1      | Gained mutation: You have sharp fingernails. [demonic ancestry]
   148 | D:1      | Reached XP level 2. HP: 21/24 MP: 2/2
   654 | D:2      | Gained mutation: You regenerate a little health from kills. [demonic ancestry]
   654 | D:2      | Reached XP level 3. HP: 22/29 MP: 3/3
   845 | D:2      | Reached skill level 1 in Dodging
   971 | D:2      | Gained mutation: You have very sharp fingernails. [demonic ancestry]
   971 | D:2      | Reached XP level 4. HP: 35/35 MP: 4/4
  1570 | D:3      | Reached XP level 5. HP: 31/41 MP: 5/5
  1613 | D:3      | Noticed a phantom
  1669 | D:3      | Killed a phantom
  1765 | D:3      | Found a white marble altar of Elyvilon.
  1765 | D:3      | Found a basalt altar of Yredelemnul.
  1766 | D:3      | Found a hide-covered altar of Uskayaw.
  1797 | D:3      | Found a radiant altar of Vehumet.
  1985 | D:2      | Gained mutation: When hurt, damage is shared between your health and your magic reserves. [demonic ancestry]
  1985 | D:2      | Reached XP level 6. HP: 23/48 MP: 6/6
  2376 | D:3      | You fall through a shaft for 3 floors!
  2377 | D:6      | Noticed a water moccasin
  2381 | D:6      | Noticed Duvessa
  2381 | D:6      | Noticed Dowan
  2388 | D:5      | Entered Level 5 of the Dungeon
  2388 | D:5      | Noticed a sky beast
  2398 | D:5      | Killed a water moccasin
  2402 | D:5      | Gained mutation: Your flesh is cold resistant. (rC+) [potion of mutation]
  2402 | D:5      | Gained mutation: Your natural rate of healing is unusually fast. [potion of mutation]
  2405 | D:5      | HP: 3/72 [sky beast (3)]
  2405 | D:5      | Slain by a sky beast

Vault maps used:
D:1:      minmay_arrival_four_loops
D:3:      nicolae_overflow_hidden_temple, vehumet_crystals
D:5:      grunt_temple_overflow_opulence, minmay_temple_entry_junction_2,
          first_bread, serial_shops, shop, kennysheep_another_room
D:6:      uniq_crazy_yiuf_cottage, uniq_duvessa

Skill      XL: |  1  2  3  4  5  6 |
---------------+-------------------+-----
Axes           | 2 3 4 |  4.0
Armour         | 3 |  3.6
Dodging        | 1 2 |  2.1
Shields        | 3 |  3.7
Fighting       | 4 |  4.0

Action                   |  1- 3 |  4- 6 || total
-------------------------+-------+-------++-------
Melee: War axe           |   100 |   196 ||   296
  Use: Potion            |       |     2 ||     2
  Eat: Chunk             |       |     4 ||     4
       Fruit             |       |     1 ||     1
Armor: Scale mail        |    63 |   113 ||   176
Dodge: Dodged            |    39 |    76 ||   115
Block: Shield            |    57 |   141 ||   198
       Reflection        |       |     1 ||     1

Table legend:
 A = Spawn XP
 B = Non-spawn XP
 C = Spawn XP percentage of total XP
 D = Spawn monster count
 E = Non-spawn monster count
 F = Spawn count percentage of total count
 G = Total turns spent on level
                    A         B        C        D         E        F      G
               +---------+---------+-------+---------+---------+-------+---------
         Total |       0 |     583 |   0.0 |       0 |      87 |   0.0 |  2405
               +---------+---------+-------+---------+---------+-------+---------
           D:1 |       0 |      30 |   0.0 |       0 |      16 |   0.0 |   641
           D:2 |       0 |     173 |   0.0 |       0 |      40 |   0.0 |  1262
           D:3 |       0 |     263 |   0.0 |       0 |      29 |   0.0 |   473
           D:5 |       0 |     117 |   0.0 |       0 |       2 |   0.0 |    17
               +---------+---------+-------+---------+---------+-------+---------
